 Dungeon Crawl Stone Soup version 0.29.0-4-gdea44cf6ec (webtiles) character file.

Game seed: 7444479101095463501

13 qw the Caller (level 2, 0/23 HPs)
             Began as a Ghoul Summoner on Sept 9, 2022.
             Slain by a jackal (2 damage)
             ... on level 1 of the Dungeon.
             The game lasted 00:00:22 (796 turns).

qw the Caller (Ghoul Summoner)                       Turns: 796, Time: 00:00:22

Health: 0/23       AC:  2    Str: 11    XL:     2   Next: 37%
Magic:  0/3        EV: 12    Int: 10    God:
Gold:   13         SH:  0    Dex:  9    Spells: 3/4 levels left

rFire   . . .      SeeInvis .   g - +0 whip
rCold   + . .      Faith    .   (no shield)
rNeg    + + +      Spirit   .   a - +0 robe
rPois   inf        Reflect  .   (no helmet)
rElec   .          Harm     .   (no cloak)
rCorr   .          Rampage  .   (no gloves)
Will    .....                   (no boots)
Stlth   ++........              (no amulet)
HPRegen 0.00/turn               (no ring)
MPRegen 0.08/turn               (no ring)

@: inhibited regen
A: claws 1, cold resistance 1, negative energy resistance 3, inhibited
regeneration, torment resistance 2, devour on kill
a: no special abilities


You were on level 1 of the Dungeon.
You visited 1 branch of the dungeon, and saw 1 of its levels.

You collected 13 gold pieces.


Innate Abilities, Weirdness & Mutations

You are immune to poison.
You have sharp fingernails.
Your flesh is cold resistant. (rC+)
You are immune to negative energy. (rN+++)
You do not regenerate when monsters are visible.
You are immune to unholy pain and torment.
You thrive by killing the living.


   Skills:
 - Level 1.0 Fighting
 + Level 1.3 Axes
 - Level 1.7 Dodging
 - Level 2.1 Stealth
 - Level 1.7 Spellcasting
 - Level 3.6 Summonings


You had 3 spell levels left.
You knew the following spells:

 Your Spells              Type           Power      Damage    Failure   Level
a - Summon Small Mammal   Summ           32%        N/A       8%          1

Your spell library contained the following spells:

 Spells                   Type           Power      Damage    Failure   Level
 Call Imp                 Summ           8%         N/A       11%         2
 Call Canine Familiar     Summ           8%         N/A       22%         3
 Summon Guardian Golem    Hex/Summ       4%         N/A       43%         3
 Summon Lightning Spire   Summ/Air       4%         N/A       83%         4

Inventory:

Hand Weapons
 g - a +0 whip (weapon)
Armour
 a - a +0 robe (worn)
Scrolls
 c - 2 scrolls of teleportation {unknown}
 d - a scroll of magic mapping {unknown}
 e - a scroll of identify {unknown}
Potions
 b - a potion of magic
 f - a potion of brilliance {unknown}

Dungeon Overview and Level Annotations

Branches:
Dungeon (1/15)

Altars:


Message History

The jackal closely misses you.
You closely miss the jackal. The jackal bites you.
Your rat completely misses the jackal.
You barely miss the jackal.
The jackal bites your rat but does no damage.
The kobold barely misses your rat.
Your rat bites the jackal.
The jackal bites your rat.
You hit the jackal.
The jackal is moderately wounded.
The kobold hits your rat with a +0 short sword.
Your rat dies!
Your rat's corpse disappears in a puff of smoke!
You barely miss the jackal.
The jackal is moderately wounded.
The jackal barely misses you. The jackal bites you.
The jackal closely misses you.
791 ||| CASTING Summon Small Mammal
Casting: Summon Small Mammal (safe; 8% risk of failure)
Confirm with . or Enter, or press ? or * to list all spells.
The jackal bites you. The jackal closely misses you. The jackal misses you.
You hit the jackal but do no damage.
The jackal is moderately wounded.
The jackal bites you. x2
The jackal bites you but does no damage.
You closely miss the jackal.
The jackal is moderately wounded.
The jackal bites you but does no damage.
The jackal barely misses you. The jackal bites you.
You miss the jackal.
The jackal is moderately wounded.
The jackal bites you. x2
The jackal bites you but does no damage.
You hit the jackal but do no damage.
The jackal is moderately wounded.
The jackal bites you but does no damage.
The jackal misses you. The jackal closely misses you.
You closely miss the jackal.
The jackal is moderately wounded.
The jackal bites you. The jackal closely misses you. The jackal bites you.
You die...

#######.# ##
#.######.....#.# K.
##............#.####.
.#.####.....#.#.#... #
.#.# #.......#.#.. .#
.#.# #.......#.#.##.##.#
.#.#####....#...#........
.#.##.........).hh...#
.#.##)#.....#..#@#.#.#
>.....#.....#...b..#
##....#...#.##.#.###
#....##.##.##....
#....##........###
####...... .#... #..
...###.>.... . ...# .#
... # ..##


You could see 2 jackals and a friendly bat (summoned).

Vanquished Creatures
  A dart slug (D:1)
  A hobgoblin (D:1)
  5 kobolds (D:1)
  A quokka (D:1)
8 creatures vanquished.

Vanquished Creatures (collateral kills)
  An endoplasm (D:1)
  A goblin (D:1)
  A kobold (D:1)
3 creatures vanquished.

Grand Total: 11 creatures vanquished

Notes
Turn   | Place    | Note
-------+----------+-------------------------------------------
     0 | D:1      | qw the Ghoul Summoner began the quest for the Orb.
     0 | D:1      | Reached XP level 1. HP: 14/14 MP: 2/2
     0 | D:1      | 0 ||| qw: Version: 0.1-a-113-g051387a
     0 | D:1      | 0 ||| qw: Game counter: 7343
     0 | D:1      | 0 ||| qw: Always use a shield: true
     0 | D:1      | 0 ||| qw: God list: Okawaru
     0 | D:1      | 0 ||| qw: Allow faded altars: false
     0 | D:1      | 0 ||| qw: Do Orc after D:15 true
     0 | D:1      | 0 ||| qw: Do second Lair branch before Depths: true
     0 | D:1      | 0 ||| qw: Lair rune preference: random
     0 | D:1      | 0 ||| qw: Plans: Normal
     0 | D:1      | 0 ||| PLANNING D:1-11
    19 | D:1      | 19 ||| CASTING Summon Small Mammal
    20 | D:1      | 20 ||| CASTING Summon Small Mammal
    30 | D:1      | 30 ||| Stepping ~*~*~tactically~*~*~ (stealth).
    32 | D:1      | 32 ||| CASTING Summon Small Mammal
    44 | D:1      | 44 ||| CASTING Summon Small Mammal
    48 | D:1      | Reached skill level 1 in Axes
   153 | D:1      | 153 ||| Wielding weapon +0 dagger.
   174 | D:1      | 174 ||| CASTING Summon Small Mammal
   175 | D:1      | 175 ||| CASTING Summon Small Mammal
   185 | D:1      | Reached XP level 2. HP: 21/22 MP: 0/3
   225 | D:1      | 225 ||| CASTING Summon Small Mammal
   226 | D:1      | 226 ||| CASTING Summon Small Mammal
   228 | D:1      | 228 ||| CASTING Summon Small Mammal
   237 | D:1      | 237 ||| CASTING Summon Small Mammal
   370 | D:1      | 370 ||| CASTING Summon Small Mammal
   371 | D:1      | 371 ||| CASTING Summon Small Mammal
   372 | D:1      | 372 ||| CASTING Summon Small Mammal
   381 | D:1      | Reached skill level 1 in Fighting
   425 | D:1      | 425 ||| CASTING Summon Small Mammal
   426 | D:1      | 426 ||| CASTING Summon Small Mammal
   427 | D:1      | 427 ||| CASTING Summon Small Mammal
   618 | D:1      | 618 ||| CASTING Summon Small Mammal
   619 | D:1      | 619 ||| CASTING Summon Small Mammal
   620 | D:1      | 620 ||| CASTING Summon Small Mammal
   630 | D:1      | 630 ||| CASTING Summon Small Mammal
   692 | D:1      | 692 ||| SWAPPING to +0 whip.
   693 | D:1      | 693 ||| DROPPING +0 dagger.
   728 | D:1      | 728 ||| CASTING Summon Small Mammal
   729 | D:1      | 729 ||| CASTING Summon Small Mammal
   730 | D:1      | 730 ||| CASTING Summon Small Mammal
   740 | D:1      | 740 ||| CASTING Summon Small Mammal
   779 | D:1      | 779 ||| CASTING Summon Small Mammal
   780 | D:1      | 780 ||| Stepping ~*~*~tactically~*~*~ (stealth).
   781 | D:1      | 781 ||| CASTING Summon Small Mammal
   782 | D:1      | 782 ||| CASTING Summon Small Mammal
   786 | D:1      | 786 ||| Stepping ~*~*~tactically~*~*~ (outnumbered).
   791 | D:1      | 791 ||| CASTING Summon Small Mammal
   793 | D:1      | HP: 5/23 [jackal (2)]
   796 | D:1      | HP: 2/23 [jackal (1)]
   796 | D:1      | Slain by a jackal

Levels and vault maps discovered:
D:1:      co_arrival_square_in_a_square_in_a_square, layout_basic

Skill      XL: |  1  2 |
---------------+-------+-----
Axes           | 1 |  1.3
Fighting       | 1 |  1.0
Dodging        | |  1.7
Stealth        | |  2.1
Spellcasting   | |  1.7
Summonings     | |  3.6

Action                   || total
-------------------------++-------
Melee: Unarmed           ||    15
       Dagger            ||    24
       Whip              ||    18
 Cast: Summon Small Mamm ||    26
Armor: Robe              ||    12
Dodge: Dodged            ||    31

Table legend:
 A = Non-vault XP
 B = Vault XP
 C = Vault XP percentage of total XP
 D = Non-vault monster count
 E = Vault monster count
 F = Vault count percentage of total count
                 A         B        C        D         E       F
            +---------+---------+-------+---------+---------+-------
      Total |      19 |       0 |   0.0 |      11 |       0 |   0.0
            +---------+---------+-------+---------+---------+-------
        D:1 |      19 |       0 |   0.0 |      11 |       0 |   0.0
            +---------+---------+-------+---------+---------+-------
